 Dungeon Crawl Stone Soup version 0.18-a0-1683-gf9322e6 (webtiles) character file.

28111 namelastname112 the Slicer (level 13, -13/124 HPs)
             Began as a Black Draconian Berserker on Apr 3, 2016.
             Was a High Priest of Trog.
             Mangled by an ice devil (20 damage)
             ... in an ice cave.
             The game lasted 00:30:57 (16782 turns).

namelastname112 the Slicer (DrBe)                  Turns: 16782, Time: 00:30:58

Health: -13/124    AC: 13    Str: 18 (19) XL:     13   Next: 8%
Magic:  11/11      EV: 16    Int: 10      God:    Trog [*****.]
Gold:   714        SH:  5    Dex: 13 (14) Spells: 0 memorised, 12 levels left

rFire  + . .     SeeInvis .     M - +9 quick blade (venom)
rCold  . . .     Gourm    .     (armour unavailable)
rNeg   . . .     Faith    .     S - +0 buckler
rPois  .         Spirit   .     m - +0 hat
rElec  +         Dismiss  .     r - +1 cloak
rCorr  .         Reflect  .     K - +1 pair of gloves
SustAt .         Harm     .     T - +0 pair of boots
MR     .....                    L - amulet of rage
Stlth  +++++.....               F - ring of stealth
                                G - ring of protection from fire

@: slowed, drained, very slow, not resistant to hostile enchantments, quite
stealthy
A: breathe lightning, unfitting armour, clever 1, clumsy 1, deterioration 1, low
mp 1, robust 1, electricity resistance, wild magic 1, cold-blooded, AC +8
a: Breathe Lightning, Berserk, Trog's Hand, Brothers in Arms, Burn Spellbooks,
Renounce Religion, Evoke Berserk Rage


You were in an ice cave.
You worshipped Trog.
Trog was extremely pleased with you.
You were not hungry.

You visited 1 branch of the dungeon, and saw 14 of its levels.
You visited 1 bazaar.
You also visited: Ice Cave.

You collected 1198 gold pieces.
You spent 484 gold pieces at shops.

Inventory:

Hand Weapons
 M - a +9 quick blade of venom (weapon)
 W - a +1 blowgun
Missiles
 f - 2 throwing nets (quivered)
 x - 2 needles of sleeping
Armour
 m - a +0 hat (worn)
 r - a +1 cloak (worn)
 K - a +1 pair of gloves (worn)
 S - a +0 buckler (worn)
 T - a +0 pair of boots (worn)
Jewellery
 d - an uncursed ring of resist corrosion
 s - an uncursed ring of see invisible
 F - a ring of stealth (right hand)
 G - a ring of protection from fire (left hand)
 L - an amulet of rage (around neck)
Wands
 i - a wand of digging (0/24)
 l - a wand of disintegration (0/24)
 v - a wand of polymorph (24/24)
 y - a wand of enslavement (8/24)
 A - a wand of flame (29/48)
 O - a wand of acid (3/15)
 R - a wand of acid (8/15)
Scrolls
 g - 2 scrolls of noise
 h - 2 scrolls of recharging
 n - 4 scrolls of teleportation
 o - 10 scrolls of remove curse
 p - 6 scrolls of magic mapping
 B - 3 scrolls of fog
 P - 3 scrolls of identify
 Q - 2 scrolls of enchant armour
Potions
 a - 3 potions of agility
 c - a potion of invisibility
 e - 8 potions of curing
 j - 5 potions of haste
 q - 3 potions of might
 t - 3 potions of resistance
 D - 2 potions of flight
 E - 3 potions of cancellation
 H - a potion of brilliance
 N - 2 potions of heal wounds
Books
 I - a book of Alchemy

   Spells                             Type                      Level
   a - Sublimation of Blood           Necromancy                   2
   b - Ignite Poison                  Fire/Transmutation/Poison    3
   c - Petrify                        Transmutation/Earth          4
   d - Alistair's Intoxication        Transmutation/Poison         5
   e - Irradiate                      Conjuration/Transmutation    5
   Trog disapproves of the use of such an item.
 U - the Compendium of Ashen Companions
   (You found it on level 12 of the Dungeon)

   Spells                             Type                      Level
   a - Summon Small Mammal            Summoning                    1
   b - Lee's Rapid Deconstruction     Earth                        5
   c - Summon Forest                  Summoning/Translocation      5
   d - Dragon's Call                  Summoning                    9
   Trog disapproves of the use of such an item.
Miscellaneous
 J - an ornate deck of destruction {drawn: 7}
Comestibles
 b - 5 bread rations
 k - 5 beef jerkies
 z - 34 fruits


   Skills:
 + Level 9.8(9.6) Fighting
 * Level 11.7(11.5) Short Blades
 + Level 6.9(6.7) Throwing
 + Level 8.1(7.9) Dodging
 * Level 11.6(11.3) Stealth
 + Level 6.4(6.2) Shields


You had 12 spell levels left.
You didn't know any spells.

Dungeon Overview and Level Annotations

Branches:
Dungeon (14/15)            Temple (0/1) D:6            Lair (0/8) D:9
    Orc (0/2) D:11
 Vaults: D:13-14

Altars:
Cheibriados
Fedhas
Vehumet
Yredelemnul
The Shining One
Jiyva

Shops:
D:6 :   D:12 }

Portals:
Trove: D:13 (give +3 storm dragon armour)

Annotations:
D:11 namelastname112's ghost, journeyman DrBe
D:13 exclusion: orange crystal statue
D:14 exclusion: 2 ice statues, inmateoo's ghost, journeyman DrAM


Innate Abilities, Weirdness & Mutations

You can breathe wild blasts of lightning.
Your glossy black scales are hard (AC +8).
Your body does not fit into most forms of armour.
You are resistant to electric shocks.
You are cold-blooded and may be slowed by cold attacks.
Your mind is acute. (Int +2)
You are clumsy. (Dex -2)
Your body sometimes deteriorates upon taking damage.
Your magical capacity is low (-10% MP).
You are robust (+10% HP).
Your spells are a little harder to cast, but a little more powerful.


Message History

* * * LOW HITPOINT WARNING * * *
The ice devil hits you but does no damage. x2
The ice devil hits you.
* * * LOW HITPOINT WARNING * * *
The ice devil freezes you!
You feel as though you will be slow longer.
* * * LOW HITPOINT WARNING * * *
Read which item? (? for menu, Esc to quit)
Okay, then.
Drink which item? (? for menu, Esc to quit)
You feel much better. The ice devil barely misses you. x2
The ice devil completely misses you.
You are engulfed in freezing vapours.
You feel as though you will be slow longer.
* * * LOW HITPOINT WARNING * * *
The ice devil hits you.
* * * LOW HITPOINT WARNING * * *
The ice devil freezes you!!
You feel as though you will be slow longer.
You die...

#..##.## #§.§....#
...#..# #§§§##..##
.....# #..###...#
#...# ##.#.##..#
#...# ##....#..#
#...###....##..#
###§§§§##....#..##
#§§§44§##).)##..#
#..§.§#@.##..#..##
.§.§§.4###..##....#
..§§§§§ #...###.##
#### ...§§.#
##..#..## ...#
...§.. ##....# ####
.....# ##/.## .##
#4..# ##.### #.##
##.## ##.## ##.##


You could see 2 ice devils.

Vanquished Creatures
  Maud (D:11)
  A centaur warrior (D:13)
  A catoblepas (D:13)
  3 unseen horrors
  6 hill giants
  An obsidian statue (D:13)
  A hornet (shapeshifter) (D:14)
  2 ugly things
  2 cyclopes
  2 ice statues (IceCv)
  Maurice (D:9)
  A centaur skeleton (D:13)
  2 gargoyles
  4 kobold demonologists
  A yaktaur (shapeshifter) (D:13)
  2 ice devils (IceCv)
  A komodo dragon (D:9)
  2 tengu conjurers (D:13)
  A two-headed ogre (D:6)
  5 slime creatures (D:13)
  Prince Ribbit (D:9)
  Sigmund (D:4)
  A vampire (D:12)
  14 yaks
  3 wyverns
  2 wraiths
  6 hippogriffs
  A steam dragon (D:9)
  A hungry ghost (D:9)
  2 wargs (D:11)
  Edmund (D:5)
  A swamp worm (D:14)
  2 black bears
  5 ice beasts
  3 orc warriors
  4 sky beasts
  14 ogres
  5 phantoms
  10 centaurs
  A crocodile (D:9)
  13 big kobolds
  8 giant frogs
  A water moccasin zombie (D:6)
  8 scorpions
  13 killer bees
  4 wights (D:7)
  5 howler monkeys
  7 crimson imps
  2 quasits
  A wasp zombie (D:13)
  2 giant frog zombies (D:9)
  3 orc priests
  2 hounds
  8 jellies
  2 giant frog skeletons
  11 orc wizards
  8 iguanas
  10 worker ants
  3 sheep (D:11)
  A hound zombie (D:8)
  A hound skeleton (D:4)
  3 worker ant zombies
  11 gnolls
  A howler monkey skeleton (D:7)
  15 adders
  7 shadow imps
  7 white imps
  4 ufetubi (IceCv)
  An adder zombie (D:8)
  9 worms
  A dart slug (D:2)
  3 giant geckos
  38 orcs
  A ball python (D:5)
  4 bats
  5 giant cockroaches
  7 goblins
  9 hobgoblins
  18 jackals
  5 quokkas
  A giant cockroach zombie (D:6)
  3 giant newts
  A jackal skeleton (D:9)
  24 kobolds
  A quokka skeleton (D:9)
  11 rats
421 creatures vanquished.

Vanquished Creatures (collateral kills)
  A hill giant (D:11)
  A human (D:11)
  An orc priest (D:11)
  6 orcs (D:11)
9 creatures vanquished.

Vanquished Creatures (others)
  4 white imps (IceCv)
  2 ufetubi (IceCv)
  3 bushes (D:13)
  A toadstool (D:9)
10 creatures vanquished.

Grand Total: 440 creatures vanquished

Notes
Turn   | Place    | Note
--------------------------------------------------------------
     0 | D:1      | namelastname112 the Draconian Berserker began the quest for the Orb.
     0 | D:1      | Reached XP level 1. HP: 19/19 MP: 1/1
   139 | D:1      | Reached XP level 2. HP: 23/26 MP: 2/2
   486 | D:1      | Reached skill level 1 in Stealth
   947 | D:2      | Reached ** piety under Trog
   947 | D:2      | Reached XP level 3. HP: 31/31 MP: 3/3
  1532 | D:2      | Found a radiant altar of Vehumet.
  1650 | D:2      | Reached XP level 4. HP: 32/39 MP: 4/4
  1736 | D:2      | Reached skill level 1 in Throwing
  2069 | D:3      | Reached *** piety under Trog
  2203 | D:4      | Noticed Sigmund
  2627 | D:4      | Killed Sigmund
  2627 | D:4      | Reached XP level 5. HP: 45/46 MP: 5/5
  2627 | D:4      | Reached XP level 6. HP: 51/52 MP: 6/6
  2726 | D:4      | Found a blossoming altar of Fedhas.
  3755 | D:4      | Reached skill level 5 in Short Blades
  4144 | D:4      | Your scales start taking on a glossy black colour.
  4144 | D:4      | Reached XP level 7. HP: 48/60 MP: 7/7
  4144 | D:4      | Gained mutation: You are resistant to electric shocks. [Black Draconian growth]
  4198 | D:4      | xeno23: >short sword
  4303 | D:5      | Entered Level 5 of the Dungeon
  4328 | D:5      | xeno23: на берсе
  4334 | D:5      | xeno23: чтоу
  4357 | D:5      | namelastname112: у меня есть хитрый план
  4456 | D:5      | Noticed Edmund
  4469 | D:5      | Killed Edmund
  4985 | D:5      | xeno23: стать стабером?
  5025 | D:5      | namelastname112: да
  5025 | D:5      | xeno23: стабер то посасывает у берса
  5025 | D:5      | namelastname112: разжится кб и иглами
  5378 | D:5      | Reached skill level 5 in Fighting
  5584 | D:6      | Reached XP level 8. HP: 55/68 MP: 8/8
  5793 | D:6      | Found a staircase to the Ecumenical Temple.
  5817 | D:6      | Noticed a two-headed ogre
  5826 | D:6      | Killed a two-headed ogre
  5826 | D:6      | Reached skill level 5 in Stealth
  5832 | D:6      | Reached **** piety under Trog
  5944 | D:6      | Found Gugeraq's Book Boutique.
  5976 | D:6      | Found a snail-covered altar of Cheibriados.
  6601 | D:7      | Reached XP level 9. HP: 45/75 MP: 9/9
  6661 | D:7      | Reached skill level 5 in Dodging
  7377 | D:7      | Reached skill level 1 in Shields
  7419 | D:7      | Gained mutation: Your muscles are strong. (Str +2) [mutagenic meat]
  7420 | D:7      | Gained mutation: Your body sometimes deteriorates upon taking damage. [mutagenic meat]
  7421 | D:7      | Gained mutation: You tend to lose your temper in combat. [mutagenic meat]
  8016 | D:8      | Found a glowing golden altar of the Shining One.
  8104 | D:8      | Reached ***** piety under Trog
  8127 | D:8      | Reached XP level 10. HP: 29/84 MP: 10/10
  9201 | D:9      | Noticed Prince Ribbit
  9224 | D:9      | Killed Prince Ribbit
  9429 | D:9      | Reached skill level 5 in Throwing
  9569 | D:9      | Found a staircase to the Lair.
  9722 | D:9      | Noticed Maurice
  9737 | D:9      | Killed Maurice
  9894 | D:9      | Found a viscous altar of Jiyva.
  9911 | D:9      | Received a gift from Trog
 10118 | D:9      | xeno23: ты бы книги не выбрасывал
 10163 | D:9      | xeno23: можно гидр жечь и прочую гадость
 10559 | D:10     | Entered Level 10 of the Dungeon
 10569 | D:10     | Reached XP level 11. HP: 93/93 MP: 11/11
 10606 | D:10     | Noticed an unseen horror
 10617 | D:10     | Killed an unseen horror
 10621 | D:10     | Noticed an unseen horror
 10632 | D:10     | Killed an unseen horror
 11587 | D:11     | Noticed a cyan ugly thing
 11608 | D:11     | Found a staircase to the Orcish Mines.
 11612 | D:11     | Noticed Maud
 11612 | D:11     | Noticed a hill giant
 11627 | D:11     | Killed a hill giant
 11627 | D:11     | Reached skill level 10 in Short Blades
 11640 | D:11     | Killed Maud
 11640 | D:11     | Received a gift from Trog
 11667 | D:11     | Noticed a hill giant
 11670 | D:11     | Killed a hill giant
 11684 | D:11     | xeno23: ого
 11696 | D:11     | xeno23: огр ебнул хилл гиганта
 11739 | D:11     | Found a flickering gateway to a bazaar.
 11774 | Bazaar   | Entered a bazaar
 11774 | Bazaar   | Found Wiqoig's Magic Scroll Shop.
 11774 | Bazaar   | Found Cexzy's Antique Weapon Shop.
 11774 | Bazaar   | Found Guhinig's General Store.
 11775 | Bazaar   | namelastname112: ну в берсе-то
 11776 | Bazaar   | Found Qyish's Assorted Antiques.
 11776 | Bazaar   | Found Modymoej's Antique Weapon Boutique.
 11807 | Bazaar   | xeno23: блудбейн
 11807 | Bazaar   | namelastname112: хуйня какая-то
 11807 | Bazaar   | namelastname112: а не анранд
 11807 | Bazaar   | xeno23: +8 демонблейд
 11807 | Bazaar   | namelastname112: ну и че
 11807 | Bazaar   | namelastname112: обычный +8 демонблейд будет лучше
 11811 | Bazaar   | xeno23: может у него есть какая-то особенность
 11811 | Bazaar   | Bought a scroll of brand weapon for 260 gold pieces
 11819 | Bazaar   | xeno23: серьезно нахуй
 11819 | Bazaar   | xeno23: кб
 11819 | Bazaar   | namelastname112: ага
 11819 | Bazaar   | xeno23: +9
 11819 | Bazaar   | Bought a scroll of blinking for 150 gold pieces
 11819 | Bazaar   | Bought a gluggy blue potion for 18 gold pieces
 11819 | Bazaar   | Bought 2 gluggy blue potions for 36 gold pieces
 11819 | Bazaar   | Bought a scroll labeled XERYFE XUMYSA for 20 gold pieces
 11819 | Bazaar   | xeno23: топ кек блядь
 11971 | D:11     | Noticed a hill giant
 11983 | D:11     | Killed a hill giant
 11991 | D:11     | Killed a cyan ugly thing
 11996 | D:11     | Gained mutation: You are robust (+10% HP). [mutagenic meat]
 11997 | D:11     | Lost mutation: Your muscles are strong. (Str +2) [mutagenic meat]
 12087 | D:11     | Noticed namelastname112's ghost (journeyman DrBe)
 12789 | D:12     | Found Sirujikk's Gadget Shop.
 12789 | D:12     | Noticed a hill giant
 12789 | D:12     | Noticed a brown ugly thing
 12799 | D:12     | Killed a hill giant
 12799 | D:12     | Reached skill level 5 in Shields
 12823 | D:12     | Killed a brown ugly thing
 12916 | D:12     | Noticed a hill giant
 12931 | D:12     | Killed a hill giant
 12931 | D:12     | Reached skill level 10 in Stealth
 12931 | D:12     | Reached XP level 12. HP: 97/113 MP: 12/12
 12956 | D:12     | Identified the Compendium of Ashen Companions
 12994 | D:12     | Found a basalt altar of Yredelemnul.
 13120 | D:12     | Gained mutation: You are clumsy. (Dex -2) [potion of mutation]
 13120 | D:12     | Gained mutation: Your spells are a little harder to cast, but a little more powerful. [potion of mutation]
 13120 | D:12     | Lost mutation: You tend to lose your temper in combat. [potion of mutation]
 14006 | D:12     | Received a gift from Trog
 14012 | D:12     | Gained mutation: Your magical capacity is low (-10% MP). [mutagenic meat]
 14013 | D:12     | Gained mutation: Your mind is acute. (Int +2) [mutagenic meat]
 14187 | D:13     | Noticed a centaur warrior
 14223 | D:13     | Killed a centaur warrior
 14577 | D:13     | Noticed a catoblepas
 14581 | D:13     | xeno23: trove
 14599 | D:13     | Killed a catoblepas
 14697 | D:13     | Found a portal to a secret trove of treasure.
 14986 | D:13     | Received a gift from Trog
 15813 | D:14     | Noticed Nessos
 15821 | D:14     | Noticed Nessos
 15821 | D:14     | Nessos changed into Nessos the glowing shapeshifter
 15822 | D:14     | Noticed Nessos
 15822 | D:14     | Nessos the glowing shapeshifter changed into Nessos the spiny frog
 15831 | D:14     | Noticed Nessos
 15831 | D:14     | Nessos the spiny frog changed into Nessos the hornet
 15834 | D:14     | Killed Nessos the hornet
 15834 | D:14     | Reached XP level 13. HP: 123/124 MP: 11/11
 15875 | D:14     | Noticed inmateoo's ghost (journeyman DrAM)
 15879 | D:14     | Found a frozen archway.
 15899 | IceCv    | Entered an ice cave
 16050 | IceCv    | xeno23: лол
 16057 | IceCv    | xeno23: с финдом
 16078 | IceCv    | namelastname112: пизда тогда
 16078 | IceCv    | namelastname112: че
 16078 | IceCv    | namelastname112: лол
 16078 | IceCv    | namelastname112: а хотя ге
 16078 | IceCv    | namelastname112: не*
 16078 | IceCv    | xeno23: да не, он лох
 16605 | IceCv    | namelastname112: лол
 16605 | IceCv    | xeno23: эм
 16605 | IceCv    | namelastname112: в смысле рили эвок зэ бук
 16605 | IceCv    | xeno23: как можно эвокнуть книгу
 16605 | IceCv    | namelastname112: вот и мне интересно
 16605 | IceCv    | xeno23: давай жми Y
 16605 | IceCv    | namelastname112: стремно
 16605 | IceCv    | namelastname112: после кейва тогда
 16770 | IceCv    | xeno23: лол
 16782 | IceCv    | Mangled by an ice devil

Vault maps used:
D:1:      lightli_molten_gateway
D:2:      fiery_altar_vehumet, first_bread
D:4:      fedhas_altar_1, uniq_sigmund
D:5:      small_statue_intersection, uniq_edmund
D:6:      temple_pool_a, serial_shops, nicolae_shop_statue_plus,
          cheibrodos_worm_habitat
D:8:      nicolae_tso_carved_into_rock
D:9:      erik_lair_dragon, blue_anna_alchemist, lasty_cornered_adventurer,
          uniq_prince_ribbit1, uniq_maurice
D:11:     erik_orc_4, serial_shops, bzr_entry_gold,
          hangedman_abyss_or_decor_slice, uniq_maud
D:12:     serial_shops, shop, yredelemnul_altar_generic
D:13:     kennysheep_kobold_grotto, enter_trove_3, minmay_protected_statue
D:14:     grunt_vaults_entry_tiered, portal_ice_cave_entry_ice_statue_02,
          hangedman_decor_clover_reticule, elves_outpost_lemuel, uniq_nessos,
          uniq_sonja
Bazaar:   bazaar_minmay_generic_island
IceCv:    ice_cave_small_demon

Skill      XL: |  1  2  3  4  5  6  7  8  9 10 11 12 |
---------------+-------------------------------------+-----
Stealth        | 1 3 4 6 7 8 10 11 | 11.6
Dodging        | 3 4 5 6 7 8 |  8.1
Throwing       | 1 2 3 4 5 6 |  6.9
Fighting       | 4 5 6 7 8 9 |  9.8
Short Blades   | 4 5 7 8 9 10 11 | 11.7
Shields        | 2 3 5 6 |  6.4

Action                   |  1- 3 |  4- 6 |  7- 9 | 10-12 | 13-15 || total
-------------------------+-------+-------+-------+-------+-------++-------
Melee: Short sword       |   134 |   251 |    21 |       |       ||   406
       Dagger            |       |       |   355 |   436 |       ||   791
       Quick blade       |       |       |       |   623 |    56 ||   679
Invok: Berserk           |     1 |     1 |     3 |    11 |     3 ||    19
       Trog's Hand       |       |     2 |       |     4 |     1 ||     7
       Burn Spellbooks   |       |     1 |     1 |       |       ||     2
       Brothers in Arms  |       |       |       |     2 |       ||     2
 Abil: Breathe Lightning |       |       |     4 |     4 |       ||     8
Evoke: Deck              |       |       |       |     7 |       ||     7
       Wand              |       |       |       |       |     8 ||     8
  Use: Scroll            |       |     2 |     1 |    27 |     3 ||    33
       Potion            |       |       |       |     1 |     2 ||     3
 Stab: Sleeping          |     1 |     1 |    11 |    17 |       ||    30
       Distracted        |       |       |       |     2 |       ||     2
  Eat: Chunk             |     3 |     6 |    16 |    36 |     1 ||    62
       Royal jelly       |       |     2 |       |     1 |       ||     3
       Pizza             |       |       |     1 |     2 |       ||     3
       Meat ration       |       |       |       |     2 |     1 ||     3
